 Dungeon Crawl Stone Soup version 0.30-a0-373-gd37427bb62 (webtiles) character file.

Game seed: 17738438472562413855

2207 qeuew the Trooper (level 9, -26/71 HPs)
             Began as a Demonspawn Monk on Nov 24, 2022.
             Was a Believer of Makhleb.
             Killed from afar by an acid dragon (38 damage)
             ... with a splash of acid
             ... on level 7 of the Dungeon.
             The game lasted 00:09:00 (5385 turns).

qeuew the Trooper (Demonspawn Monk)                 Turns: 5385, Time: 00:09:00

Health: -26/71     AC:  2    Str: 15    XL:     9   Next: 13%
Magic:  10/10      EV: 14    Int: 11    God:    Makhleb [**....]
Gold:   413        SH:  0    Dex: 17    Spells: 8/8 levels left

rFire   . . .      SeeInvis +    a - +0 hand axe (drain)
rCold   . . .      Faith    .    (no shield)
rNeg    . . .      Spirit   .    h - +1 leather armour
rPois   .          Reflect  .    (no helmet)
rElec   .          Harm     .    (no cloak)
rCorr   .          Rampage  .    (no gloves)
Will    .....                    (no boots)
Stlth   ++........               j - amulet of regeneration
HPRegen 1.11/turn                l - +4 ring of slaying
MPRegen 0.12/turn                i - ring of see invisible

@: mighty, corroded
A: thin metallic scales 1, foul stench 1, demonic touch 1
a: Renounce Religion, Minor Destruction


You were on level 7 of the Dungeon.
You worshipped Makhleb.
Makhleb was pleased with you.
You visited 2 branches of the dungeon, and saw 8 of its levels.
You also visited: Ossuary.

You collected 413 gold pieces.

Inventory:

Hand Weapons
 a - a +0 hand axe of draining (weapon)
Missiles
 m - 5 throwing nets
Armour
 h - a +1 leather armour (worn)
Jewellery
 i - a ring of see invisible (right hand)
 j - an amulet of regeneration (around neck)
 l - a +4 ring of slaying (left hand)
Wands
 e - a wand of mindburst (31)
 u - a wand of roots (13)
Scrolls
 f - 4 scrolls of teleportation
 n - a scroll of fear
 q - a scroll of identify
 r - 2 scrolls of amnesia
Potions
 b - a potion of heal wounds
 c - a potion of ambrosia
 d - 6 potions of curing
 g - 2 potions of haste
 k - 2 potions of brilliance
 o - 2 potions of might
 p - a potion of magic
 t - a potion of resistance
 v - 2 potions of flight


   Skills:
 + Level 6.4 Fighting
 + Level 5.9 Axes
 + Level 5.0 Armour
 + Level 5.7 Dodging
 - Level 1.7 Stealth
 + Level 2.3 Invocations
 + Level 3.4 Evocations


You had 8 spell levels left.
You didn't know any spells.
Your spell library contained the following spells:

 Spells                   Type           Power      Damage    Failure   Level
 Apportation              Tloc           0%         N/A       38%         1
 Necrotise                Necr           0%         1d4       38%         1
 Summon Small Mammal      Summ           0%         N/A       38%         1
 Hailstorm                Conj/Ice       0%         3d3       77%         3
 Animate Dead             Necr           0%         N/A       99%         4
 Ice Form                 Ice/Tmut       0%         N/A       99%         4
 Borgnjor's Vile Clutch   Necr/Erth      0%         N/A       100%        5
 Death Channel            Necr           0%         N/A       100%        6
 Simulacrum               Ice/Necr       0%         N/A       100%        6


Dungeon Overview and Level Annotations

Branches:
Dungeon (7/15)             Temple (1/1) D:6         Ossuary (visited)

Altars:
Ashenzari
Cheibriados
Dithmenos
Gozag
Kikubaaqudgha
Makhleb
Nemelex Xobeh
Okawaru
Qazlal
Ru
Sif Muna
Trog
Uskayaw
Vehumet
Wu Jian
Yredelemnul

Shops:
D:2 *   D:5 [


Innate Abilities, Weirdness & Mutations

You are partially covered in thin metallic scales. (AC +2)
You may rarely emit foul miasma when damaged in melee.
Your touch may inflict minor irresistible damage on your foes.


Message History

You slash the hound! You slash the centaur! You drain the centaur.
You hit the howler monkey. You hit the orc. You drain the orc.
You kill the orc!
Makhleb accepts your kill.
You feel better.
The centaur barely misses you. x2; The hound bites you.
The howler monkey hits you. The centaur misses you.
The centaur barely misses you. The acid dragon barely misses you.
The acid dragon claws you but does no damage.
You barely miss the acid dragon. You hit the hound. You slash the centaur!
You hit the howler monkey. You drain the howler monkey. The hound bites you.
The howler monkey hits you but does no damage.
The centaur hits you but does no damage.
The centaur kicks you but does no damage.
The hound completely misses you. The acid dragon spits acid at you.
The splash of acid hits you!!
* * * LOW HITPOINT WARNING * * *
The acid corrodes you! The howler monkey hits you.
* * * LOW HITPOINT WARNING * * *
You slash the acid dragon!
The acid dragon is moderately wounded.
You completely miss the centaur. You hit the howler monkey.
You kill the howler monkey!
Makhleb accepts your kill.
You feel better.
You slash the hound!
You kill the hound!
Makhleb accepts your kill.
You feel better. The centaur completely misses you. The centaur kicks you.
* * * LOW HITPOINT WARNING * * *
The centaur closely misses you. The centaur barely misses you.
The acid dragon closely misses you. The acid dragon claws you.
* * * LOW HITPOINT WARNING * * *
You barely miss the centaur.
The centaur is almost dead.
You hit the acid dragon. You drain the acid dragon.
The centaur barely misses you. x2
The acid dragon spits acid at you. The splash of acid hits you!!!
Ouch! That really hurt!
You die...

# # ######### ###
........##############..
......D.................
......c@................
#.##.#†)............#..○
#..................○.
#>.##..###########.##§.
#. #..# ###...#.. ..
....# #.....#.# # .#..#
####.......# .....#
#..........#
......).)...


You could see an acid dragon (catching breath, drained) and a centaur (drained).

Vanquished Creatures
  Menkaure (D:4)
  A black bear (D:4)
  An ice beast (D:7)
  3 ogres
  A bullfrog (D:6)
  2 kobold brigands
  A gnoll sergeant (D:6)
  A necrophage (D:5)
  4 water moccasin zombies (Ossuary)
  2 scorpions (D:6)
  3 killer bees (D:7)
  A howler monkey (D:7)
  2 hounds
  2 orc priests
  A gnoll bouda (D:4)
  A jelly (D:5)
  3 iguanas
  Ijyb (D:4)
  4 orc wizards
  2 mummies (Ossuary)
  8 adders
  14 gnolls
  A shadow imp (D:6)
  3 white imps
  An ufetubus (D:6)
  2 adder zombies (Ossuary)
  6 worms
  20 orcs
  11 ball pythons
  2 endoplasms (D:4)
  3 giant cockroaches
  9 goblins
  8 hobgoblins
  10 jackals
  26 kobolds
  4 quokkas
  4 bats
  A frilled lizard (D:1)
  7 gnoll zombies (Ossuary)
  5 hobgoblin zombies (Ossuary)
  2 kobold zombies (Ossuary)
  6 orc zombies (Ossuary)
  10 rats
200 creatures vanquished.

Vanquished Creatures (others)
  16 plants
16 creatures vanquished.

Grand Total: 216 creatures vanquished

Notes
Turn   | Place    | Note
-------+----------+-------------------------------------------
     0 | D:1      | qeuew the Demonspawn Monk began the quest for the Orb.
     0 | D:1      | Reached XP level 1. HP: 18/18 MP: 1/1
   119 | D:1      | Gained mutation: You are partially covered in thin metallic
                  | scales. (AC +2) [demonic ancestry]
   119 | D:1      | Reached XP level 2. HP: 19/24 MP: 2/2
   513 | D:1      | Reached skill level 1 in Armour
   617 | D:1      | Reached XP level 3. HP: 29/29 MP: 3/3
  1306 | D:2      | Found Nappyc's General Store.
  1417 | D:2      | Reached XP level 4. HP: 32/36 MP: 4/4
  1422 | D:2      | Found a faded altar of an unknown god.
  1607 | D:3      | Gained mutation: Your touch may inflict minor irresistible
                  | damage on your foes. [demonic ancestry]
  1607 | D:3      | Reached XP level 5. HP: 27/42 MP: 5/5
  1791 | D:3      | Found a bloodstained altar of Trog.
  2116 | D:4      | Reached skill level 4 in Fighting
  2210 | D:4      | Noticed Ijyb
  2227 | D:4      | Killed Ijyb
  2269 | D:4      | Found a sand-covered staircase.
  2286 | Ossuary  | Entered an ossuary
  2338 | Ossuary  | Reached XP level 6. HP: 22/48 MP: 6/6
  2710 | D:4      | Noticed Menkaure
  2718 | D:4      | Killed Menkaure
  2719 | D:4      | Reached XP level 7. HP: 31/55 MP: 7/7
  2848 | D:4      | Reached skill level 5 in Fighting
  2900 | D:4      | Found an ancient bone altar of Kikubaaqudgha.
  2900 | D:4      | Found a shadowy altar of Dithmenos.
  2901 | D:4      | Found an opulent altar of Gozag.
  3282 | D:5      | Entered Level 5 of the Dungeon
  3463 | D:5      | Found Xucs's Armour Boutique.
  3663 | D:5      | Reached skill level 1 in Evocations
  3729 | D:5      | Reached skill level 5 in Axes
  3729 | D:5      | Gained mutation: You may rarely emit foul miasma when
                  | damaged in melee. [demonic ancestry]
  3729 | D:5      | Reached XP level 8. HP: 63/63 MP: 8/8
  3843 | D:5      | Reached skill level 5 in Dodging
  4266 | D:6      | Found an iron altar of Okawaru.
  4421 | D:6      | Reached skill level 6 in Fighting
  4609 | D:6      | Found a staircase to the Ecumenical Temple.
  4639 | Temple   | Entered the Ecumenical Temple
  4684 | Temple   | Became a worshipper of Makhleb the Destroyer
  4684 | Temple   | Reached * piety under Makhleb
  4684 | Temple   | Reached ** piety under Makhleb
  4922 | D:7      | Reached skill level 1 in Invocations
  5004 | D:7      | Identified the +0 leather armour of Indestructible Beauty
                  | {+Inv rPois Str-3}
  5030 | D:7      | Found a radiant altar of Vehumet.
  5066 | D:7      | Reached XP level 9. HP: 69/69 MP: 10/10
  5311 | D:7      | Reached skill level 5 in Armour
  5385 | D:7      | Killed from afar by an acid dragon

Illustrated notes

Levels and vault maps discovered:
D:1:      dpeg_arrival_arbitrary_b, layout_basic, minmay_split_cup_large
D:2:      layout_basic, serial_shops, nicolae_shop_advertising_works
          [nicolae_subvault_shop_adworks], nicolae_ecumenical_snake_handling,
          minmay_misc_feat_tiny, minmay_fractal_squares_gapless_5
D:3:      layout_rooms, trog_hazing_becter, serial_bayou_lagoon_a,
          nicolae_wormholes
D:4:      layout_loops_corners, elyvilon_altar_1,
          gammafunk_temple_overflow_forgotten, nicolae_ossuary_entry_ruins,
          uniq_ijyb, uniq_menkaure
D:5:      layout_basic, serial_shops, nicolae_shop_window_shopping
D:6:      layout_basic, kennysheep_little_box, minmay_temple_entry_sparse_star,
          st_stairs_4
D:7:      layout_basic, fiery_altar_vehumet, grunt_ministairs_4, st_stairs_7
Temple:   nicolae_temple_great_sept

Skill      XL: |  1  2  3  4  5  6  7  8  9 |
---------------+----------------------------+-----
Armour         | 1 2 3 4 5 |  5.0
Axes           | 3 4 5 |  5.9
Dodging        | 3 4 5 |  5.7
Fighting       | 4 5 6 |  6.4
Evocations     | 1 3 |  3.4
Invocations    | 1 2 |  2.3
Stealth        | |  1.7

Action                   |  1- 3 |  4- 6 |  7- 9 || total
-------------------------+-------+-------+-------++-------
Melee: Hand axe          |   112 |   167 |   204 ||   483
       Punch             |       |     5 |     2 ||     7
       Touch             |       |    32 |    42 ||    74
Throw: Throwing net      |       |       |     1 ||     1
Invok: Minor Destruction |       |       |    15 ||    15
  Use: Scroll            |     4 |     2 |     8 ||    14
       Potion            |     2 |     2 |     4 ||     8
 Stab: Sleeping          |     6 |     3 |     2 ||    11
       Held in net/web   |       |       |     1 ||     1
Armor: Robe              |     7 |       |       ||     7
       Leather armour    |    23 |    38 |    65 ||   126
Dodge: Dodged            |    78 |    92 |   191 ||   361

Table legend: (Time is in decaauts)
 A = Elapsed time spent in this place.
 B = Non-inter-level travel time spent in this place.
 C = Inter-level travel time spent in this place.
 D = Time resting spent in this place.
 E = Time spent auto-exploring this place.
 F = Levels seen in this place.
 G = Mean time per level.
                   A        B        C        D        E       F      G
               +--------+--------+--------+--------+--------+-----+--------+
         Total |   5427 |   5258 |    169 |      0 |   4093 |   9 |  603.0 |
       Dungeon |   5139 |   4988 |    151 |      0 |   3943 |   7 |  734.1 |
        Temple |     57 |     40 |     17 |      0 |     32 |   1 |   57.0 |
       Ossuary |    230 |    230 |      0 |      0 |    118 |   1 |  230.0 |
               +--------+--------+--------+--------+--------+-----+--------+

Top non-repeatable levels by time:
     D:4: 960 daAuts
     D:6: 854 daAuts
     D:2: 812 daAuts
     D:1: 759 daAuts
     D:5: 724 daAuts
     D:3: 552 daAuts
     D:7: 475 daAuts
 Ossuary: 230 daAuts
  Temple: 57 daAuts
